 Dungeon Crawl Stone Soup version 0.18-a0-1685-g4482fe3 (webtiles) character file.

7580 Ijustatesigmund the Covert (level 11, -2/78 HPs)
             Began as an Octopode Assassin on Apr 4, 2016.
             Was an Elder of Cheibriados.
             Slain by a cyclops (30 damage)
             ... on level 10 of the Dungeon.
             The game lasted 00:30:57 (9520 turns).

Ijustatesigmund the Covert (Octopode Assassin)      Turns: 9520, Time: 00:30:58

Health: -2/78      AC:  6    Str: 19    XL:     11   Next: 17%
Magic:  15/15      EV: 16    Int: 24    God:    Cheibriados [****..]
Gold:   226        SH:  0    Dex: 25    Spells: 0 memorised, 10 levels left

rFire  . . .     SeeInvis +     u - +1 dagger (protect)
rCold  + . .     Gourm    .     (no shield)
rNeg   . . .     Faith    .     (helmet restricted)
rPois  .         Spirit   .     (no amulet)
rElec  .         Dismiss  .     i - ring of see invisible
rCorr  +         Reflect  .     m - ring of resist corrosion
SustAt .         Harm     .     w - +6 ring of slaying
MR     .....                    A - ring of protection from cold
Stlth  +++++++...               (no ring)
                                (no ring)
                                (no ring)
                                (no ring)

@: very slow, not resistant to hostile enchantments, extremely stealthy
A: almost no armour, amphibious, 8 rings, constrict 8, camouflage 1, gelatinous
body 1
a: Bend Time, Temporal Distortion, Slouch, Renounce Religion


You were on level 10 of the Dungeon.
You worshipped Cheibriados.
Cheibriados was greatly pleased with you.
You were not hungry.

You visited 2 branches of the dungeon, and saw 11 of its levels.
You also visited: Ossuary.

You collected 486 gold pieces.
You spent 260 gold pieces at shops.

Inventory:

Hand Weapons
 a - a +2 dagger
 b - a +0 blowgun
 u - a +1 dagger of protection (weapon)
Missiles
 c - 12 poisoned needles
 d - 2 curare-tipped needles
 j - 3 throwing nets (quivered)
Jewellery
 i - a ring of see invisible (left tentacle)
 m - a ring of resist corrosion (right tentacle)
 w - a +6 ring of slaying (on tentacle)
 A - a ring of protection from cold (on tentacle)
Wands
 B - a wand of lightning (12/15)
 E - a wand of iceblast (6/15)
 F - a wand of iceblast (7/15)
 H - a wand of flame (16/48)
 M - a wand of lightning (2/15)
 N - a wand of flame (23/48)
Scrolls
 e - 4 scrolls of remove curse
 k - a scroll of fog
 o - a scroll of teleportation
 v - 3 scrolls of blinking
 x - a scroll of magic mapping
 J - a scroll of identify
 L - a scroll of enchant armour
Potions
 h - 8 potions of curing
 l - a potion of brilliance
 n - a potion of cure mutation {unknown}
 p - a potion of cancellation
 r - a potion of resistance
 s - 4 potions of ambrosia
 t - 3 potions of flight
 z - 3 potions of lignification {unknown}
 C - 3 potions of might
 D - a potion of magic {unknown}
 I - 3 potions of heal wounds
Books
 y - a book of Death

   Spells                             Type                      Level
   a - Corpse Rot                     Necromancy                   2
   b - Sublimation of Blood           Necromancy                   2
   c - Agony                          Necromancy                   5
   d - Dispel Undead                  Necromancy                   5
   e - Excruciating Wounds            Charms/Necromancy            5
   f - Bolt of Draining               Conjuration/Necromancy       5
 K - a Grand Grimoire

   Spells                             Type                      Level
   a - Monstrous Menagerie            Summoning                    7
   b - Summon Greater Demon           Summoning                    7
   c - Malign Gateway                 Summoning/Translocation      7
   d - Summon Horrible Things         Summoning                    8
Comestibles
 f - 3 bread rations
 g - 6 meat rations
 q - 4 beef jerkies
 G - 28 fruits


   Skills:
 - Level 8.6 Fighting
 + Level 9.1 Short Blades
 - Level 6.2 Throwing
 - Level 4.1 Dodging
 - Level 11.6 Stealth
 - Level 6.0 Invocations


You had 10 spell levels left.
You didn't know any spells.

Dungeon Overview and Level Annotations

Branches:
Dungeon (10/15)            Temple (1/1) D:5            Lair (0/8) D:8
    Orc: D:9-12

Altars:
Ashenzari
Cheibriados
Dithmenos
Elyvilon
Fedhas
Gozag
Kikubaaqudgha
Makhleb
Nemelex Xobeh
Okawaru
Pakellas
Qazlal
Ru
Sif Muna
Trog
Vehumet
Xom
Yredelemnul
Zin
The Shining One

Shops:
D:6 (   D:7 (   D:9 *[!**

Annotations:
D:6 Eustachio
D:9 1 runed door


Innate Abilities, Weirdness & Mutations

You cannot wear most types of armour.
You are amphibious.
You can wear up to eight rings at the same time.
You can use your tentacles to constrict eight enemies at once.
Your skin changes colour to match your surroundings (Stealth).
Your rubbery body absorbs attacks (AC +1).


Message History

The helpless wyvern zombie fails to defend itself.
You perforate the wyvern zombie like a sieve!!!!
You destroy the wyvern zombie!
Cheibriados appreciates the change of pace.
The helpless ice beast fails to defend itself.
You spit the ice beast like a pig!!!!
You kill the ice beast!
Cheibriados appreciates the change of pace.
You open the door.
There is an open door here.
A cyclops comes into view.
A crimson imp comes into view.
The cyclops shouts!
The cyclops throws a large rock.
The large rock hits you!!
You see here a large rock.
The cyclops hits you!!
You hit the cyclops. You squeeze the cyclops!
The cyclops is moderately wounded.
The cyclops hits you!!
You die...

#.. ....... #..
#.......# #...
#........ #....
#........
#....#####........
#.................
#................
#...5.C@.(...########
#..#######...#......#
#...+......#
#...#......#
#...#......#
#...#......##+#
#.###..........
#.'............
#.####.........


You could see a cyclops and a crimson imp.

Vanquished Creatures
  Erolcha (D:8)
  The ghost of namelastname112 the Grappler, a novice DrMo (D:7)
  Pikel (D:7)
  A centaur skeleton (D:6)
  A two-headed ogre (D:9)
  5 yaks (D:9)
  Grum (D:10)
  A human (D:7)
  A hippogriff (D:8)
  2 soldier ants (D:9)
  2 slaves (D:5)
  2 sky beasts (D:9)
  2 orc warriors
  A black bear (D:9)
  2 ice beasts
  A necrophage (D:5)
  A phantom (D:5)
  A wasp (D:8)
  3 ogres
  3 wolves (D:10)
  A centaur (D:6)
  A big kobold (D:9)
  5 giant frogs
  Blork the orc (D:5)
  3 elf zombies (Ossuary)
  A wyvern zombie (D:10)
  2 scorpions
  A water moccasin skeleton (D:7)
  A killer bee (D:9)
  6 howler monkeys
  3 wights (D:9)
  3 crimson imps
  A giant frog zombie (D:10)
  2 jellies
  5 orc priests
  Crazy Yiuf (D:6)
  A giant frog skeleton (D:7)
  A human zombie (Ossuary)
  4 hounds
  2 iguanas (D:10)
  6 orc wizards
  Terence (D:3)
  3 worker ants (D:9)
  2 big kobold zombies (Ossuary)
  4 hound zombies
  A hound skeleton (D:7)
  3 mummies (Ossuary)
  2 worker ant zombies
  4 gnolls (D:4)
  12 adders
  3 shadow imps
  2 oozes
  3 adder zombies
  An adder skeleton (D:7)
  2 worms
  2 dart slugs
  3 giant geckos
  18 orcs
  2 ball pythons
  10 giant cockroaches
  3 goblins
  4 hobgoblins
  4 jackals (D:3)
  5 kobolds
  4 quokkas
  14 bats
  4 giant newts
  A gnoll zombie (Ossuary)
  3 goblin zombies (Ossuary)
  6 hobgoblin zombies (Ossuary)
  A jackal skeleton (D:4)
  3 jackal zombies
  4 kobold zombies (Ossuary)
  3 orc zombies (Ossuary)
  A quokka skeleton (D:9)
  4 quokka zombies (Ossuary)
  6 rats
  A rat zombie (Ossuary)
  A butterfly (D:9)
234 creatures vanquished.

Notes
Turn   | Place    | Note
--------------------------------------------------------------
     0 | D:1      | Ijustatesigmund the Octopode Assassin began the quest for the Orb.
     0 | D:1      | Reached XP level 1. HP: 14/14 MP: 1/1
   292 | D:1      | Reached XP level 2. HP: 19/19 MP: 2/2
   664 | D:2      | Reached XP level 3. HP: 19/24 MP: 3/3
   886 | D:2      | Noticed Terence
  1009 | D:2      | Reached skill level 6 in Stealth
  1205 | D:3      | Killed Terence
  1205 | D:3      | Reached XP level 4. HP: 16/29 MP: 4/4
  1721 | D:3      | Found an opulent altar of Gozag.
  1986 | D:3      | Reached XP level 5. HP: 16/34 MP: 5/5
  2357 | D:4      | Noticed an ogre
  2359 | D:4      | Killed an ogre
  2359 | D:4      | Reached skill level 7 in Stealth
  2825 | D:4      | Reached XP level 6. HP: 39/39 MP: 6/6
  3175 | D:5      | Entered Level 5 of the Dungeon
  3219 | D:5      | Found a sand-covered staircase.
  3255 | Ossuary  | Entered an ossuary
  3694 | Ossuary  | Reached XP level 7. HP: 18/46 MP: 7/7
  4263 | D:5      | Found a staircase to the Ecumenical Temple.
  4272 | Temple   | Entered the Ecumenical Temple
  4649 | D:5      | Found an oddly glowing altar of Pakellas.
  4710 | D:5      | Reached skill level 8 in Stealth
  4743 | D:5      | Found an iron altar of Okawaru.
  4941 | D:5      | Noticed Blork the orc
  4945 | D:5      | Killed Blork the orc
  4945 | D:5      | Reached XP level 8. HP: 54/54 MP: 8/8
  5078 | D:6      | Reached skill level 9 in Stealth
  5281 | D:6      | Found Zuuk's Antique Weapon Shoppe.
  5340 | D:6      | Reached skill level 5 in Short Blades
  5469 | D:6      | Noticed Pikel
  5868 | D:6      | Noticed Crazy Yiuf
  5880 | D:6      | Killed Crazy Yiuf
  5938 | D:6      | Reached skill level 10 in Stealth
  5998 | D:7      | Found a sacrificial altar of Ru.
  5998 | D:7      | Found a snail-covered altar of Cheibriados.
  5999 | D:7      | Found a glowing golden altar of the Shining One.
  6010 | D:7      | Became a worshipper of Cheibriados the Contemplative
  6102 | D:7      | Noticed namelastname112's ghost (novice DrMo)
  6171 | D:7      | Killed namelastname112's ghost
  6171 | D:7      | Reached skill level 11 in Stealth
  6171 | D:7      | Reached XP level 9. HP: 22/58 MP: 9/9
  6427 | D:7      | Found Lamoqie's Weapon Shop.
  6449 | D:7      | Bought a +1 dagger of protection for 94 gold pieces
  6449 | D:7      | Bought 2 throwing nets for 60 gold pieces
  6512 | D:7      | Reached * piety under Cheibriados
  6521 | D:6      | Noticed Eustachio
  6528 | D:7      | Reached skill level 5 in Fighting
  6622 | D:7      | Killed Pikel
  6622 | D:7      | Reached skill level 5 in Throwing
  6695 | D:7      | Reached XP level 10. HP: 43/69 MP: 10/10
  6980 | D:7      | Reached skill level 1 in Invocations
  7263 | D:8      | Noticed Erolcha
  7269 | D:8      | Killed Erolcha
  7269 | D:8      | Reached ** piety under Cheibriados
  7528 | D:8      | Found a staircase to the Lair.
  7730 | D:9      | Found Koffa's General Store.
  7858 | D:9      | Found Kahuv's Distillery.
  7866 | D:9      | Bought a potion of heal wounds for 85 gold pieces
  7908 | D:9      | Found Uxoesh's Assorted Antiques.
  7974 | D:9      | Reached skill level 5 in Invocations
  8176 | D:9      | Bought a scroll labeled ILAT NUKURUO for 21 gold pieces
  8185 | D:9      | Found Citoysa's General Store.
  8244 | D:9      | Found Coiqoqar's Armour Shop.
  8249 | D:9      | Reached *** piety under Cheibriados
  8331 | D:9      | Found a runed door.
  8365 | D:9      | Found a runed door.
  8628 | D:9      | Found a radiant altar of Vehumet.
  8631 | D:9      | Found a bloodstained altar of Trog.
  8813 | D:9      | Reached XP level 11. HP: 61/78 MP: 15/15
  9033 | D:10     | Entered Level 10 of the Dungeon
  9164 | D:10     | Reached **** piety under Cheibriados
  9197 | D:10     | Noticed Grum
  9217 | D:10     | Killed Grum
  9516 | D:10     | Noticed a cyclops
  9520 | D:10     | Slain by a cyclops

Vault maps used:
D:1:      roderic_crossed_star
D:2:      first_bread, uniq_terence
D:3:      nicolae_gozag_seed_capital, st_stairs_7
D:5:      okawaru_ov_weapons_minmay, lemuel_round_altar, temple_statues,
          chequers_ossuary_entry_cave, uniq_blork_the_orc
D:6:      serial_shops, nicolae_shop_behind_doors, minmay_ruffians,
          uniq_crazy_yiuf_cottage, uniq_eustachio, uniq_pikel
D:7:      grunt_temple_overflow_open, serial_shops, shop
D:8:      lair_0_dummy, uniq_erolcha
D:9:      lemuel_insect_pit, minitemple, serial_shops,
          nicolae_shop_overgrown_old_shop, kennysheep_mini_moat,
          kennysheep_little_box, shop_fountains, shop, blue_anna_alchemist
D:10:     uniq_grum, uniq_psyche
Temple:   minmay_temple_forest_path_12
Ossuary:  minmay_ossuary_two_tombs

Skill      XL: |  1  2  3  4  5  6  7  8  9 10 11 |
---------------+----------------------------------+-----
Stealth        | 6 7 8 11 | 11.6
Short Blades   | 3 7 9 |  9.1
Throwing       | 3 4 6 |  6.2
Dodging        | 3 4 |  4.1
Fighting       | 3 4 6 8 |  8.6
Invocations    | 6 |  6.0

Action                   |  1- 3 |  4- 6 |  7- 9 | 10-12 || total
-------------------------+-------+-------+-------+-------++-------
Melee: Dagger            |    56 |   124 |   187 |   175 ||   542
 Fire: Blowgun           |     7 |     7 |    10 |       ||    24
Throw: Throwing net      |     2 |     1 |     6 |     2 ||    11
Evoke: Wand              |       |       |       |     1 ||     1
  Use: Scroll            |     9 |     2 |     3 |     8 ||    22
       Potion            |       |     1 |     5 |     1 ||     7
 Stab: Sleeping          |    11 |    20 |    25 |    26 ||    82
       Distracted        |       |     2 |     1 |       ||     3
       Held in net/web   |       |     1 |     2 |     2 ||     5
  Eat: Chunk             |     1 |     7 |     2 |     3 ||    13
       Fruit             |       |     3 |     4 |       ||     7
       Pizza             |       |     1 |       |       ||     1
       Beef jerky        |       |       |     1 |       ||     1
